 Dungeon Crawl Stone Soup version 0.21.1-1-g345015fe64 (webtiles) character file.

109 Ivernyr the Charmwright (level 4, -6/34 HPs)
             Began as a Demonspawn Skald on Apr 26, 2018.
             Was an Initiate of Nemelex Xobeh.
             Killed from afar by Robin (10 damage)
             ... with a wand of flame (19)
             ... on level 3 of the Dungeon.
             The game lasted 00:06:02 (1919 turns).

Ivernyr the Charmwright (Demonspawn Skald)          Turns: 1919, Time: 00:06:03

Health: -6/34      AC:  3    Str: 11    XL:     4   Next: 59%
Magic:  3/7        EV: 14    Int: 15    God:    Nemelex Xobeh [......]
Gold:   85         SH:  0    Dex: 13    Spells: 2/7 levels left

rFire    . . .     SeeInvis .   a - +0 falchion
rCold    . . .     Gourm    .   (no shield)
rNeg     . . .     Faith    .   b - +0 leather armour
rPois    .         Spirit   .   (no helmet)
rElec    .         Reflect  .   (no cloak)
rCorr    .         Harm     .   (no gloves)
MR       .....                  (no boots)
Stlth    +.........             (no amulet)
HPRegen  0.11/turn              (no ring)
MPRegen  0.10/turn              (no ring)

@: shrouded, singing (expiring)
A: repulsion field 1, powered by death 1
a: Renounce Religion


You were on level 3 of the Dungeon.
You worshipped Nemelex Xobeh.
Nemelex Xobeh was noncommittal.
You were not hungry.

You visited 1 branch of the dungeon, and saw 3 of its levels.

You collected 85 gold pieces.

Inventory:

Hand Weapons
 a - a +0 falchion (weapon)
Armour
 b - a +0 leather armour (worn)
Jewellery
 n - an uncursed ring of stealth {unknown}
Scrolls
 f - a scroll of amnesia {unknown}
 i - a scroll of random uselessness {unknown}
 j - a scroll of magic mapping {unknown}
 k - a scroll of remove curse {unknown}
 o - 2 scrolls of enchant armour {unknown}
Potions
 e - a potion of agility {unknown}
 g - a potion of brilliance {unknown}
 h - a potion of heal wounds {unknown}
 l - 2 potions of curing {unknown}
 m - a potion of berserk rage {unknown}
Books
 c - a book of Battle

   Spells                             Type                      Level
   a - Infusion                       Charms                       1
   b - Shroud of Golubria             Charms/Translocation         2
   c - Song of Slaying                Charms                       2
   d - Spectral Weapon                Hexes/Charms                 3
   e - Regeneration                   Charms/Necromancy            3
Miscellaneous
 q - a plain deck of summoning
Comestibles
 d - 4 rations
 p - a chunk of flesh


   Skills:
 + Level 2.8 Fighting
 - Level 2.3 Long Blades
 * Level 2.6 Armour
 - Level 1.7 Dodging
 - Level 2.0 Spellcasting
 + Level 3.2 Charms
 + Level 0.6 Invocations


You had 2 spell levels left.
You knew the following spells:

 Your Spells              Type           Power        Failure   Level  Hunger
a - Shroud of Golubria    Chrm/Tloc      #.........   22%         2    ###....
b - Song of Slaying       Chrm           ##......     12%         2    ###....
c - Infusion              Chrm           ##..         8%          1    #......


Dungeon Overview and Level Annotations

Branches:
Dungeon (3/15)

Altars:
Nemelex Xobeh
Ru
Vehumet
Wu Jian

Annotations:
D:3 Robin


Innate Abilities, Weirdness & Mutations

You are surrounded by a mild repulsion field. (EV +2)
You regenerate a little health from kills.


Message History

* * * LOW HITPOINT WARNING * * *
It is a wand of flame (20).
Casting: Song of Slaying
Confirm with . or Enter, or press ? or * to list all spells.
Space distorts slightly along a thin shroud covering your body.
The hobgoblin no longer looks unusually strong.
The goblin no longer looks unusually strong.
Robin misses you.
You hit Robin.
Robin is moderately wounded.
Your song is almost over.
The hobgoblin no longer looks unusually strong.
Robin zaps a wand.
The puff of flame hits you!
* * * LOW HITPOINT WARNING * * *
You hit Robin.
Robin is severely wounded.
Robin says, "We wiped out the hill dwarves - you're next!"
Robin zaps a wand.
The puff of flame hits you!
You die...
Your body disappears without a glow.

###.######
#........#
#........#
#.)......#
#........#
#........#
###.######
#)# #@#
#g# #g#
#g# #g#
#g# #g#
..#


You could see Robin, 3 hobgoblins and 2 goblins.

Vanquished Creatures
  3 adders
  An ooze (D:1)
  3 worms
  3 dart slugs
  A ball python (D:2)
  2 giant cockroaches
  7 hobgoblins
  6 jackals
  3 quokkas (D:2)
  5 bats
  2 frilled lizards
  8 goblins
  7 kobolds
  11 rats
62 creatures vanquished.

Notes
Turn   | Place    | Note
-------+----------+-------------------------------------------
     0 | D:1      | Ivernyr the Demonspawn Skald began the quest for the Orb.
     0 | D:1      | Reached XP level 1. HP: 16/16 MP: 3/3
    51 | D:1      | Reached skill level 1 in Armour
   321 | D:1      | Gained mutation: You regenerate a little health from kills. [demonic ancestry]
   321 | D:1      | Reached XP level 2. HP: 22/22 MP: 5/5
   409 | D:1      | Learned a level 2 spell: Song of Slaying
   412 | D:1      | Learned a level 2 spell: Shroud of Golubria
   606 | D:1      | Reached XP level 3. HP: 28/28 MP: 1/6
   733 | D:1      | Reached skill level 3 in Charms
  1182 | D:2      | Found a radiant altar of Vehumet.
  1198 | D:2      | Gained mutation: You are surrounded by a mild repulsion field. (EV +2) [demonic ancestry]
  1198 | D:2      | Reached XP level 4. HP: 34/34 MP: 2/7
  1407 | D:2      | Found a sparkling altar of Nemelex Xobeh.
  1409 | D:2      | Found an ornate altar of the Wu Jian Council.
  1412 | D:2      | Found a sacrificial altar of Ru.
  1415 | D:2      | Became a worshipper of Nemelex Xobeh the Trickster
  1877 | D:3      | Received a gift from Nemelex Xobeh
  1901 | D:3      | Noticed Robin
  1919 | D:3      | Killed from afar by Robin

Skill      XL: |  1  2  3 |
---------------+----------+-----
Armour         | 1 2 |  2.6
Long Blades    | 2 |  2.3
Charms         | 3 |  3.2
Fighting       | |  2.8
Dodging        | |  1.7
Spellcasting   | |  2.0
Invocations    | |  0.6

Action                   |  1- 3 |  4- 6 || total
-------------------------+-------+-------++-------
Melee: Falchion          |   112 |    94 ||   206
 Cast: Shroud of Golubri |     6 |     5 ||    11
       Song of Slaying   |     2 |     3 ||     5
 Stab: Sleeping          |     1 |       ||     1
  Eat: Chunk             |     2 |     3 ||     5
Armor: Leather armour    |    22 |    22 ||    44
Dodge: Dodged            |    85 |    88 ||   173
       Rpst.: Falchion   |    19 |    21 ||    40
